 Dungeon Crawl Stone Soup version 0.27-a0-1189-gb8eb6cee8e (webtiles) character file.

Game seed: 4589379921091757682

65 spiderkeys the Skirmisher (level 4, -2/37 HPs)
             Began as a Formicid Abyssal Knight on May 23, 2021.
             Was a Follower of Lugonu.
             Slain by Grinder (8 damage)
             ... on level 3 of the Dungeon.
             The game lasted 00:04:44 (3139 turns).

spiderkeys the Skirmisher (Formicid Abyssal Knight) Turns: 3139, Time: 00:04:45

Health: -2/37      AC:  7    Str: 17    XL:     4   Next: 35%
Magic:  6/6        EV:  9    Int: 12    God:    Lugonu [*.....]
Gold:   62         SH:  0    Dex: 10    Spells: 3/3 levels left

rFire    . . .     SeeInvis +   a - +1 spear
rCold    + . .     Faith    .   (no shield)
rNeg     . . .     Spirit   .   j - +0 scale mail
rPois    .         Reflect  .   (helmet unavailable)
rElec    .         Harm     .   l - +0 cloak
rCorr    .         Rampage  .   (no gloves)
Will     .....                  (no boots)
Stlth    ..........             (no amulet)
HPRegen  0.12/turn              C - ring of protection from cold
MPRegen  0.10/turn              (no ring)

@: no status effects
A: permanent stasis, dig shafts and tunnels, antennae 3, four strong arms
a: Dig, Shaft Self, Renounce Religion, Depart the Abyss


You were on level 3 of the Dungeon.
You worshipped Lugonu.
Lugonu was aware of your devotion.
You visited 1 branch of the dungeon, and saw 3 of its levels.
You visited the Abyss 1 time.

You collected 98 gold pieces.
You spent 36 gold pieces at shops.


Innate Abilities, Weirdness & Mutations

You cannot be hasted, slowed, berserked, paralysed or teleported.
You can dig through walls and to a lower floor.
You have a pair of large antennae on your head. (SInv)
Your four strong arms can wield two-handed weapons with a shield.


   Skills:
 + Level 3.8 Fighting
 + Level 2.8 Polearms
 + Level 3.0 Armour
 - Level 1.0 Dodging
 + Level 3.1 Invocations


You had 3 spell levels left.
You didn't know any spells.
Your spell library was empty.

Inventory:

Hand Weapons
 a - a +1 spear (weapon)
Missiles
 c - 66 stones
 d - 39 arrows
 k - 5 javelins
Armour
 j - a +0 scale mail (worn)
   (You found it on level 1 of the Dungeon)
 l - a +0 cloak (worn)
   (You found it on level 3 of the Dungeon)
Jewellery
 C - a ring of protection from cold (left hand)
   (You found it on level 1 of the Abyss)
Scrolls
 b - 2 scrolls of amnesia
 e - a scroll of fear
 f - a scroll of blinking {!r}
Potions
 i - a potion of might {unknown}

Dungeon Overview and Level Annotations

Branches:
Dungeon (3/15)

Altars:

Shops:
D:3 !

Annotations:
D:3 Grinder

#.######### #..........
####....### #.##.#
#########.##.###
........†....... #####
#######.#.##.###
#...############....#
#.5..#@##...........# .
#...#5###...........#
#...##...#####...........#
..............5.....#.##.#
##########.########.#.##.#
...........# #.#)##.#
########.#.# #.#.##.#
..........#####.#.##.#.#
................#.##.#..


You could see Grinder.


Message History

You hit the giant cockroach.
You kill the giant cockroach!
Lugonu accepts your kill. 😎 HP[+1]
Your hp is fully restored (37).
No target in view!
You open the door.
There is an open door here.
c - 66 stones (gained 17)
You sense a monster nearby.
Grinder comes into view.
Grinder shouts!
You reach to attack!
You barely miss Grinder. You closely miss Grinder. Grinder barely misses you.
You closely miss Grinder. Grinder gestures at you.
Pain shoots through your body! 😕 HP[-8]
You take 8 damage, and now have 29/37 hp.
MASSIVE DAMAGE!! (PAUSE)
You hit Grinder. Grinder gestures at you. Pain shoots through your body!
* * * LOW HITPOINT WARNING * * *
😨 HP[-13]
You take 13 damage, and now have 16/37 hp.
MASSIVE DAMAGE!! (PAUSE)
You hit Grinder. Grinder gestures at you. Pain shoots through your body!
* * * LOW HITPOINT WARNING * * *
😱 HP[-14]
You take 14 damage, and now have 2/37 hp.
MASSIVE DAMAGE!! (PAUSE)
You feel much better. Grinder gestures at you.
Your stasis prevents you from being paralysed. 😮 HP[+18]
You regained 18 hp, and now have 20/37 hp.
You hit Grinder. Grinder gestures at you.
Your stasis prevents you from being paralysed.
You hit Grinder but do no damage.
Grinder blinks!
You feel better.
Grinder blinks! 😮 HP[+7]
You regained 7 hp, and now have 27/37 hp. 😕 HP[+1]
You extend your mandibles.
You dig through the rock wall.
You dig through the rock wall.
You dig through the rock wall. 😕 HP[+1]
You retract your mandibles.
You completely miss Grinder. Grinder gestures at you.
Pain shoots through your body! 😮 HP[-8]
You take 8 damage, and now have 21/37 hp.
MASSIVE DAMAGE!! (PAUSE)
You completely miss Grinder. Grinder closely misses you.
You closely miss Grinder. Grinder hits you.
* * * LOW HITPOINT WARNING * * *
You writhe in agony.
* * * LOW HITPOINT WARNING * * *
😨 HP[-4]
You take 4 damage, and now have 17/37 hp.
You closely miss Grinder. Grinder gestures at you.
Pain shoots through your body!
* * * LOW HITPOINT WARNING * * *
😨 HP[-1]
You take 1 damage, and now have 16/37 hp.
Okay, then.
Throw: 7 javelins
Press: ? - help, Shift-Dir - straight line, f/p - Grinder
Aim: Grinder (lightly wounded, 52% to hit)
You throw a javelin. The javelin pierces through Grinder.
Grinder misses you.
Throw: 6 javelins
Press: ? - help, Shift-Dir - straight line, f/p - Grinder
Aim: Grinder (moderately wounded, 52% to hit)
You throw a javelin. The javelin pierces through Grinder.
Grinder hits you.
* * * LOW HITPOINT WARNING * * *
You writhe in agony.
* * * LOW HITPOINT WARNING * * *
Grinder blinks! 😱 HP[-8]
You take 8 damage, and now have 8/37 hp.
MASSIVE DAMAGE!! (PAUSE)
You hit Grinder.
Grinder blinks!
You see here 2 javelins.
You closely miss Grinder.
Grinder hits you but does no damage. 😱 HP[+1]
You hit Grinder. Grinder hits you but does no damage.
You closely miss Grinder. Grinder hits you.
* * * LOW HITPOINT WARNING * * *
😱 HP[-3]
You take 3 damage, and now have 6/37 hp.
You hit Grinder but do no damage. Grinder hits you!
You die...

Skill      XL: |  1  2  3  4 |
---------------+-------------+-----
Dodging        | 1 |  1.0
Invocations    | 3 |  3.1
Armour         | 3 |  3.0
Fighting       | |  3.8
Polearms       | |  2.8

Action                   |  1- 3 |  4- 6 || total
-------------------------+-------+-------++-------
Melee: Spear             |   124 |    38 ||   162
Throw: Javelin           |       |     2 ||     2
Invok: Depart the Abyss  |     1 |       ||     1
 Abil: Dig               |     5 |     2 ||     7
  Use: Scroll            |     4 |       ||     4
       Potion            |       |     2 ||     2
Armor: Leather armour    |     6 |       ||     6
       Scale mail        |    13 |    17 ||    30
Dodge: Dodged            |    41 |    10 ||    51

Levels and vault maps discovered:
D:1:      ncdulo_lavacross, layout_basic, minmay_tall_x
D:2:      layout_basic, shapermc_ecumenical_altar_hornbeckon
D:3:      layout_basic, serial_shops, shop, minmay_misc_feat_room, uniq_grinder,
          uniq_terence

Notes
Turn   | Place    | Note
-------+----------+-------------------------------------------
     0 | Abyss:1  | spiderkeys the Formicid Abyssal Knight began the quest for
                  | the Orb.
     0 | Abyss:1  | Reached XP level 1. HP: 18/18 MP: 2/2
     0 | Abyss:1  | magus.rc [v1.9.10]
    22 | Abyss:1  | Found a corrupted altar of Lugonu.
   111 | Abyss:1  | Found a corrupted altar of Lugonu.
   292 | Abyss:1  | Found a corrupted altar of Lugonu.
   292 | Abyss:1  | Noticed a flying skull
   293 | Abyss:1  | Noticed a tentacled starspawn
   340 | Abyss:1  | Noticed a quasit
   341 | Abyss:1  | Noticed a vampire
   354 | Abyss:1  | Noticed a thrashing horror
   356 | D:1      | You pass through the gate.
   356 | D:1      | Escaped the Abyss
   456 | D:1      | Reached skill level 1 in Dodging
   775 | D:1      | Reached * piety under Lugonu
   776 | D:1      | Reached XP level 2. HP: 24/24 MP: 3/3
  1138 | D:1      | HP: 5/24 [goblin/+0 club (2)]
  1758 | D:2      | Reached XP level 3. HP: 26/29 MP: 4/4
  2438 | D:2      | Found a faded altar of an unknown god.
  2663 | D:3      | Found Cauqasme's Distillery.
  2673 | D:3      | Bought a potion of curing for 36 gold pieces
  2715 | D:3      | Reached skill level 3 in Invocations
  2832 | D:3      | Reached XP level 4. HP: 37/37 MP: 6/6
  3053 | D:3      | Reached skill level 3 in Armour
  3100 | D:3      | Noticed Grinder
  3105 | D:3      | HP: 2/37 [Grinder/nerve-wracking pain (14)]
  3127 | D:3      | HP: 8/37 [Grinder (4)]
  3138 | D:3      | HP: 6/37 [Grinder (3)]
  3139 | D:3      | Slain by Grinder

Vanquished Creatures
  A gnoll (D:3)
  A worm (D:3)
  2 dart slugs
  A ball python (D:2)
  10 endoplasms
  2 giant cockroaches
  8 goblins
  5 hobgoblins
  A jackal (D:1)
  2 kobolds
  2 quokkas (D:2)
  2 bats
  2 frilled lizards (D:1)
  A rat (D:2)
40 creatures vanquished.

Table legend:
 A = Non-vault XP
 B = Vault XP
 C = Vault XP percentage of total XP
 D = Non-vault monster count
 E = Vault monster count
 F = Vault count percentage of total count
                 A         B        C        D         E       F
            +---------+---------+-------+---------+---------+-------
      Total |      86 |       8 |   8.5 |      36 |       4 |  10.0
            +---------+---------+-------+---------+---------+-------
        D:1 |      19 |       8 |  29.6 |      10 |       4 |  28.6
        D:2 |      35 |       0 |   0.0 |      17 |       0 |   0.0
        D:3 |      32 |       0 |   0.0 |       9 |       0 |   0.0
            +---------+---------+-------+---------+---------+-------

Illustrated notes

Table legend:
 A = Kills in this place as a percentage of kills in entire the game.
 B = Kills by you in this place as a percentage of kills by you in the entire game.
 C = Kills by friends in this place as a percentage of kills by friends in the entire game.
 D = Other kills in this place as a percentage of other kills in the entire game.
 E = Experience gained in this place as a percentage of experience gained in the entire game.
 F = Experience gained in this place divided by the number of levels of this place that you have seen.
                   A       B       C       D       E      F
               +-------+-------+-------+-------+-------+----------------------
         Total | 100.0 | 100.0 |   N/A |   N/A | 100.0 |  23.5
       Dungeon | 100.0 | 100.0 |   N/A |   N/A | 100.0 |  31.3
               +-------+-------+-------+-------+-------+----------------------

Table legend: (Time is in decaauts)
 A = Elapsed time spent in this place.
 B = Non-inter-level travel time spent in this place.
 C = Inter-level travel time spent in this place.
 D = Time resting spent in this place.
 E = Time spent auto-exploring this place.
 F = Levels seen in this place.
 G = Mean time per level.
                   A        B        C        D        E       F      G
               +--------+--------+--------+--------+--------+-----+--------+
         Total |   3142 |   3078 |     64 |    184 |   2375 |   4 |  785.5 |
       Dungeon |   2784 |   2720 |     64 |     84 |   2255 |   3 |  928.0 |
         Abyss |    357 |    357 |      0 |    100 |    120 |   1 |  357.0 |
               +--------+--------+--------+--------+--------+-----+--------+

Top non-repeatable levels by time:
     D:1: 1343 daAuts
     D:2: 1079 daAuts
     D:3: 362 daAuts
 Abyss:1: 357 daAuts
